 Dungeon Crawl Stone Soup version 0.21.1-1-g345015f (webtiles) character file.

2698 Falco the Thaumaturge (level 9, 0/47 HPs)
             Began as a Deep Elf Summoner on May 11, 2018.
             Was a Priest of Sif Muna.
             Shot with an arrow by a centaur warrior (9 damage)
             ... on level 9 of the Dungeon.
             The game lasted 01:18:51 (8305 turns).

Falco the Thaumaturge (Deep Elf Summoner)           Turns: 8305, Time: 01:18:51

Health: 0/47       AC:  6    Str:  5    XL:     9   Next: 38%
Magic:  17/26      EV: 13    Int: 24    God:    Sif Muna [***...]
Gold:   556        SH:  0    Dex: 15    Spells: 3/30 levels left

rFire    . . .     SeeInvis .   a - +3 quarterstaff (chaos)
rCold    x . .     Gourm    .   (shield currently unavailable)
rNeg     + + .     Faith    .   A - +1 robe {rN+}
rPois    +         Spirit   .   (no helmet)
rElec    .         Reflect  .   v - +1 cloak
rCorr    .         Harm     .   (no gloves)
MR       .....                  s - +0 pair of boots
Stlth    +++.......             D - amulet of Recklessness {RegenMP +Blink rPois rF-}
HPRegen  0.15/turn              t - ring of positive energy
MPRegen  0.45/turn              y - ring of fire

@: no status effects
A: no striking features
a: Divine Energy, Channel Magic, Renounce Religion, Evoke Blink


You were on level 9 of the Dungeon.
You worshipped Sif Muna.
Sif Muna was most pleased with you.
You were not hungry.

You visited 2 branches of the dungeon, and saw 10 of its levels.

You collected 556 gold pieces.

Inventory:

Hand Weapons
 a - a +3 quarterstaff of chaos (weapon)
 b - the +5 dagger "Embalmer" {pierce, rPois}
   (You found it on level 9 of the Dungeon)

   It inflicts extra damage upon your enemies.
   It protects you from poison.
Missiles
 d - 30 poisoned needles
 I - 2 needles of confusion
Armour
 s - a +0 pair of boots (worn)
 v - a +1 cloak (worn)
 A - a +1 robe of positive energy (worn)
Magical Staves
 r - an uncursed staff of air
 z - an uncursed staff of conjuration
Jewellery
 t - a ring of positive energy (left hand)
 y - a ring of fire (right hand)
 D - the amulet of Recklessness (around neck) {RegenMP +Blink rPois rF-}
   (You found it on level 8 of the Dungeon)

   [amulet of magic regeneration]

   It increases your magic regeneration.
   It makes you vulnerable to fire.
   It protects you from poison.
   It lets you blink.
 E - the amulet of Jewungeo {Faith rF+ MR- SInv, unknown}
   (You found it on level 8 of the Dungeon)

   [amulet of faith]

   It allows you to gain divine favour quickly.
   It protects you from fire.
   It affects your resistance to hostile enchantments.
   It lets you see invisible.
 F - the amulet "Fuobot" {Regen+ Str+5 Dex-4 Slay+3, unknown}
   (You found it on level 8 of the Dungeon)

   [amulet of regeneration]

   It affects your strength (+5).
   It affects your dexterity (-4).
   It affects your accuracy and damage with ranged weapons and melee attacks
   (+3).
   It increases your rate of regeneration.
 G - the amulet "Zenucep" {+Rage rF+ Int+8, unknown}
   (You took it off a centaur on level 8 of the Dungeon)

   [amulet of rage]

   It affects your intelligence (+8).
   It protects you from fire.
   It lets you go berserk.
Wands
 C - a wand of iceblast (7)
 J - a wand of enslavement (16)
Scrolls
 i - 3 scrolls of remove curse {unknown}
 j - 2 scrolls of magic mapping
 l - a scroll of enchant weapon {unknown}
 m - 4 scrolls of teleportation
 o - 2 scrolls of fog
 q - 2 scrolls of blinking {unknown}
 w - 3 scrolls of amnesia {unknown}
 B - a scroll of fear {unknown}
Potions
 e - 2 potions of curing {unknown}
 f - 2 potions of lignification {unknown}
 g - 5 potions of haste
 h - a potion of cancellation
 k - 2 potions of agility {unknown}
 n - a potion of might {unknown}
 u - 2 potions of heal wounds
 x - a potion of ambrosia {unknown}
Books
 p - a book of Conjurations

   Spells                             Type                      Level
   a - Magic Dart                     Conjuration                  1
   b - Searing Ray                    Conjuration                  2
   c - Dazzling Spray                 Conjuration/Hexes            3
   d - Fulminant Prism                Conjuration/Hexes            4
   e - Force Lance                    Conjuration/Translocation    4
   f - Iskenderun's Mystic Blast      Conjuration                  4
 H - a book of Cantrips

   Spells                             Type                      Level
   a - Confusing Touch                Hexes                        1
   b - Animate Skeleton               Necromancy                   1
   c - Summon Small Mammal            Summoning                    1
   d - Apportation                    Translocation                1
 K - a book of Callings

   Spells                             Type                      Level
   a - Summon Small Mammal            Summoning                    1
   b - Call Imp                       Summoning                    2
   c - Call Canine Familiar           Summoning                    3
   d - Summon Guardian Golem          Hexes/Summoning              3
   e - Summon Lightning Spire         Summoning/Air                4
   f - Summon Ice Beast               Ice/Summoning                4
Comestibles
 c - 5 rations


   Skills:
 + Level 1.4 Fighting
 + Level 0.6 Staves
 + Level 2.8 Dodging
 + Level 4.7 Stealth
 + Level 11.4 Spellcasting
 + Level 2.2 Hexes
 + Level 10.0 Summonings
 + Level 1.2 Ice Magic
 + Level 0.1 Air Magic
 * Level 0.5 Invocations


You had 3 spell levels left.
You knew the following spells:

 Your Spells              Type           Power        Failure   Level  Hunger
a - Summon Small Mammal   Summ           ####         1%          1    None
b - Call Imp              Summ           ######..     1%          2    None
c - Call Canine Familiar  Summ           ######..     1%          3    None
d - Summon Guardian Gole  Hex/Summ       #####...     1%          3    None
e - Summon Ice Beast      Ice/Summ       #####...     4%          4    None
f - Summon Lightning Spi  Summ/Air       #####...     5%          4    None
g - Magic Dart            Conj           ##..         4%          1    None
h - Searing Ray           Conj           ##....       7%          2    None
i - Dazzling Spray        Conj/Hex       ###...       9%          3    None
j - Fulminant Prism       Conj/Hex       ###.......   28%         4    None


Dungeon Overview and Level Annotations

Branches:
Dungeon (9/15)             Temple (1/1) D:5
   Lair: D:8-11         Orc: D:9-12

Altars:
Ashenzari
Cheibriados
Dithmenos
Elyvilon
Fedhas
Gozag
Hepliaklqana
Kikubaaqudgha
Makhleb
Nemelex Xobeh
Okawaru
Ru
Sif Muna
Trog
Uskayaw
Vehumet
Wu Jian
Xom
Yredelemnul
Zin

Shops:
D:6 }


Message History

The hippogriff claws your crimson imp.
Your wolf bites the hippogriff!
Your quokka completely misses the hippogriff.
Your crimson imp barely misses the hippogriff.
You swap places.
The centaur warrior shoots an arrow.
The arrow hits you.
Your wolf bites the hippogriff!
The hippogriff bites your crimson imp!
The hippogriff closely misses your crimson imp. x2
Your quokka barely misses the hippogriff.
Your crimson imp blinks!
The centaur warrior shoots an arrow.
The arrow hits you!
* * * LOW HITPOINT WARNING * * *
You see here 2 arrows.
You feel much better.
Your wolf barely misses the hippogriff.
The hippogriff barely misses your wolf. The hippogriff pecks your wolf.
The hippogriff barely misses your wolf.
Your quokka bites the hippogriff.
The centaur warrior shoots an arrow.
The arrow hits you!!
* * * LOW HITPOINT WARNING * * *
Your wolf closely misses the hippogriff.
You fail to use your ability.
The centaur warrior shoots an arrow.
The arrow hits you!
You die...

.#........... .####
.#.......####+###########
.....
.#########....(..........
####
.........................
.......................c.
.........................
..................[......
...########.......((((...
+####
..5#......#.....@(.8hH...
......
55r#......'.######..Yr...
...... ##.#......#.#
....... ......
#h#......#># ...?...
...... #.###'####.#
....... ......
#..........# .......
.##### #....ยง.....#
....... #..........#
....... ############


You could see a centaur warrior, a hippogriff, a friendly guardian golem, a
friendly ice beast, a friendly wolf and a friendly quokka.

Vanquished Creatures
  An orc warrior (D:6)
  3 killer bees (D:7)
  A giant cockroach (D:6)
  A rat (D:6)
6 creatures vanquished.

Vanquished Creatures (collateral kills)
  A two-headed ogre (D:8)
  A troll (D:8)
  A hippogriff (D:7)
  The ghost of FlobFlarker the Poker, an amateur HOMo (D:3)
  A vampire mosquito (D:8)
  3 ice beasts
  4 orc warriors
  2 phantoms
  2 ogres
  4 centaurs
  A crocodile (D:7)
  5 bullfrogs
  A scorpion (D:4)
  A wyvern skeleton (D:8)
  8 killer bees
  A howler monkey (D:7)
  6 wights
  3 crimson imps
  A centaur zombie (D:5)
  4 hounds
  A quasit (D:8)
  A bullfrog skeleton (D:8)
  Crazy Yiuf (D:4)
  An orc priest (D:6)
  A centaur skeleton (D:4)
  3 iguanas
  10 orc wizards
  3 jellies (D:8)
  Terence (D:3)
  Natasha (D:4)
  3 worker ants
  A hound zombie (D:8)
  4 gnolls (D:5)
  5 adders
  2 shadow imps (D:5)
  2 oozes
  An adder zombie (D:3)
  An adder skeleton (D:4)
  4 worms
  A dart slug (D:1)
  5 leopard geckos
  21 orcs
  8 giant cockroaches
  4 goblins
  4 hobgoblins
  7 jackals
  6 kobolds
  2 quokkas
  A ball python (D:1)
  5 bats
  2 frilled lizards (D:1)
  A leopard gecko skeleton (D:7)
  7 rats
171 creatures vanquished.

Vanquished Creatures (others)
  An orc warrior (D:8)
1 creature vanquished.

Grand Total: 178 creatures vanquished

Notes
Turn   | Place    | Note
-------+----------+-------------------------------------------
     0 | D:1      | Falco the Deep Elf Summoner began the quest for the Orb.
     0 | D:1      | Reached XP level 1. HP: 10/10 MP: 6/6
   119 | D:1      | Reached XP level 2. HP: 12/15 MP: 6/8
   123 | D:1      | Learned a level 2 spell: Call Imp
   602 | D:1      | Reached skill level 5 in Summonings
   823 | D:2      | Found a snail-covered altar of Cheibriados.
   898 | D:2      | Reached XP level 3. HP: 19/19 MP: 6/10
   903 | D:2      | Learned a level 3 spell: Call Canine Familiar
   907 | D:2      | Learned a level 3 spell: Summon Guardian Golem
  1733 | D:3      | Noticed Terence
  1749 | D:3      | Killed Terence
  1874 | D:3      | Noticed FlobFlarker's ghost (amateur HOMo)
  1899 | D:3      | Killed FlobFlarker's ghost
  1899 | D:3      | Reached skill level 4 in Spellcasting
  1899 | D:3      | Reached XP level 4. HP: 24/24 MP: 1/12
  2463 | D:4      | Noticed Natasha
  2492 | D:4      | Killed Natasha
  2492 | D:4      | Reached XP level 5. HP: 28/28 MP: 4/14
  2522 | D:4      | Reached skill level 5 in Spellcasting
  2560 | D:4      | Found a shimmering altar of Xom.
  2854 | D:4      | Found a runed door.
  2859 | D:4      | Noticed Crazy Yiuf
  2874 | D:4      | Killed Crazy Yiuf
  2981 | D:4      | Learned a level 4 spell: Summon Ice Beast
  2982 | D:5      | Entered Level 5 of the Dungeon
  2993 | D:5      | Found a sparkling altar of Nemelex Xobeh.
  3119 | D:5      | Reached XP level 6. HP: 23/32 MP: 6/16
  3161 | D:5      | Reached skill level 6 in Spellcasting
  3436 | D:5      | Found a staircase to the Ecumenical Temple.
  3445 | Temple   | Entered the Ecumenical Temple
  3592 | Temple   | Became a worshipper of Sif Muna the Loreminder
  3673 | D:5      | Found a blossoming altar of Fedhas.
  3673 | D:5      | Found a sacrificial altar of Ru.
  3956 | D:6      | Noticed an orc warrior
  3976 | D:6      | Killed an orc warrior
  3976 | D:6      | Reached skill level 1 in Fighting
  4009 | D:6      | Noticed an orc warrior
  4052 | D:6      | Killed an orc warrior
  4052 | D:6      | Reached XP level 7. HP: 11/38 MP: 0/19
  4302 | D:6      | Reached skill level 7 in Spellcasting
  4302 | D:6      | Reached skill level 1 in Hexes
  4488 | D:6      | Found Lebatovo's Gadget Shoppe.
  4994 | D:7      | Reached skill level 8 in Spellcasting
  5008 | D:7      | Reached * piety under Sif Muna
  5387 | D:7      | Reached XP level 8. HP: 42/43 MP: 4/22
  5407 | D:7      | Learned a level 4 spell: Summon Lightning Spire
  5435 | D:7      | Learned a level 1 spell: Magic Dart
  5438 | D:7      | Learned a level 2 spell: Searing Ray
  5442 | D:7      | Learned a level 3 spell: Dazzling Spray
  5733 | D:7      | Noticed a hippogriff
  5750 | D:7      | Reached skill level 9 in Spellcasting
  5756 | D:7      | Killed a hippogriff
  6154 | D:7      | Found a burning altar of Makhleb.
  6370 | D:8      | Reached ** piety under Sif Muna
  6563 | D:8      | Noticed a two-headed ogre
  6576 | D:8      | Killed a two-headed ogre
  6576 | D:8      | Reached skill level 10 in Spellcasting
  6576 | D:8      | Reached skill level 1 in Ice Magic
  6583 | D:8      | Reached XP level 9. HP: 47/47 MP: 7/25
  6589 | D:8      | Learned a level 4 spell: Fulminant Prism
  7316 | D:8      | Noticed a troll
  7336 | D:8      | Killed a troll
  7399 | D:8      | Reached *** piety under Sif Muna
  7410 | D:8      | Got a slimy ruby amulet
  7413 | D:8      | Got a steaming ruby amulet
  7415 | D:8      | Noticed a five-headed hydra
  7433 | D:8      | Got a shimmering jade amulet
  7568 | D:8      | Got a clouded zirconium amulet
  7584 | D:8      | Noticed a cyclops
  7636 | D:8      | Reached skill level 11 in Spellcasting
  7882 | D:8      | Identified the amulet of Recklessness {RegenMP +Blink rPois rF-} (You found it on level 8 of the Dungeon)
  8142 | D:9      | Found a glowing silver altar of Zin.
  8239 | D:9      | Reached skill level 10 in Summonings
  8278 | D:9      | Got a crude dagger
  8279 | D:9      | Identified the +5 dagger "Embalmer" {pierce, rPois} (You found it on level 9 of the Dungeon)
  8301 | D:9      | Noticed a centaur warrior
  8305 | D:9      | Shot with an arrow by a centaur warrior

Skill      XL: |  1  2  3  4  5  6  7  8  9 |
---------------+----------------------------+-----
Summonings     | 5 6 8 9 10 | 10.0
Stealth        | 3 4 |  4.7
Spellcasting   | 4 5 6 8 10 11 | 11.4
Fighting       | 1 |  1.4
Hexes          | 1 2 |  2.2
Ice Magic      | 1 |  1.2
Staves         | |  0.6
Dodging        | |  2.8
Air Magic      | |  0.1
Invocations    | |  0.5

Action                   |  1- 3 |  4- 6 |  7- 9 || total
-------------------------+-------+-------+-------++-------
Melee: Quarterstaff      |       |     8 |    13 ||    21
       Staff             |       |       |     6 ||     6
 Cast: Summon Small Mamm |    13 |     5 |    38 ||    56
       Call Imp          |    17 |    21 |    45 ||    83
       Call Canine Famil |     6 |    16 |    34 ||    56
       Summon Guardian G |     3 |     5 |    23 ||    31
       Summon Ice Beast  |       |     2 |     5 ||     7
       Summon Lightning  |       |       |     2 ||     2
       Magic Dart        |       |       |     3 ||     3
  Use: Scroll            |     4 |     3 |     5 ||    12
       Potion            |       |       |     1 ||     1
  Eat: Ration            |     2 |     2 |     4 ||     8
Armor: Robe              |     9 |     3 |    11 ||    23
Dodge: Dodged            |    20 |     5 |    28 ||    53
